 Dungeon Crawl Stone Soup version 0.28-a0-1518-gbe868bca14 (webtiles) character file.

Game seed: 15702563643638954760

78 buddhastalin the Cutter (level 4, 0/29 HPs)
             Began as a Kobold Fighter on Jan 16, 2022.
             Killed by nerve-wracking pain
             ... invoked by Grinder
              (14 damage)
             ... while paralysed by Grinder
             ... on level 3 of the Dungeon.
             The game lasted 00:05:07 (2101 turns).

buddhastalin the Cutter (Kobold Fighter)            Turns: 2101, Time: 00:05:08

Health: 0/29       AC:  8    Str: 13    XL:     4   Next: 61%
Magic:  4/4        EV:  3    Int: 11    God:
Gold:   91         SH:  0    Dex: 14    Spells: 3/3 levels left

rFire   . . .      SeeInvis .   e - +1 dagger (drain)
rCold   . . .      Faith    .   c - +0 buckler
rNeg    . . .      Spirit   .   b - +0 scale mail
rPois   .          Reflect  .   m - +0 helmet
rElec   .          Harm     .   (no cloak)
rCorr   .          Rampage  .   (no gloves)
Will    .....                   l - +0 pair of boots
Stlth   +.........              (no amulet)
HPRegen 0.09/turn               (no ring)
MPRegen 0.09/turn               (no ring)

@: paralysed, mighty
A: small, no large weapons, nightstalker 3
a: no special abilities


You were on level 3 of the Dungeon.
You visited 1 branch of the dungeon, and saw 3 of its levels.

You collected 91 gold pieces.

Inventory:

Hand Weapons
 a - a +0 rapier
 e - a +1 dagger of draining (weapon)
Missiles
 n - 4 poisoned darts (quivered)
Armour
 b - a +0 scale mail (worn)
 c - a +0 buckler (worn)
 l - a +0 pair of boots (worn)
 m - a +0 helmet (worn)
Jewellery
 k - an amulet of faith
Scrolls
 f - a scroll of noise {unknown}
 h - a scroll of vulnerability {unknown}
 j - a scroll of identify {unknown}
Potions
 d - a potion of might
 g - a potion of curing
 i - a potion of invisibility {unknown}


   Skills:
 + Level 3.9 Fighting
 * Level 4.4 Short Blades
 - Level 2.4 Armour
 - Level 1.0 Dodging
 + Level 0.3 Stealth
 + Level 2.9 Shields


You had 3 spell levels left.
You didn't know any spells.
Your spell library contained the following spells:

 Spells                   Type           Power      Damage    Failure   Level
 Shock                    Conj/Air       0%         1d3       94%         1
 Swiftness                Air            0%         N/A       100%        3
 Airstrike                Air            0%         N/A       100%        4
 Chain Lightning          Conj/Air       0%         N/A       100%        9
 Fire Storm               Conj/Fire      0%         5d1       100%        9
 Shatter                  Erth           0%         3d5*      100%        9


Dungeon Overview and Level Annotations

Branches:
Dungeon (3/15)

Altars:

Annotations:
D:3 Grinder


Innate Abilities, Weirdness & Mutations

You are small and have problems with some larger weapons.
You are completely attuned to the shadows.


Message History

Grinder hits you but does no damage.
You barely miss Grinder.
Grinder is lightly wounded.
Grinder looks more healthy.
Grinder closely misses you.
You closely miss Grinder.
Grinder is lightly wounded.
Grinder hits you.
You hit Grinder.
Grinder is lightly wounded.
Grinder hits you.
You hit Grinder but do no damage.
Grinder is lightly wounded.
Grinder barely misses you.
You hit Grinder but do no damage.
Grinder is lightly wounded.
You barely miss Grinder.
Grinder is lightly wounded.
Grinder hits you.
You writhe in agony.
You are too injured to fight recklessly!
You feel very mighty all of a sudden. Grinder hits you.
You writhe in agony.
* * * LOW HITPOINT WARNING * * *
It was a potion of curing.
You feel better. Grinder barely misses you.
You puncture Grinder!
Grinder is heavily wounded.
Grinder misses you.
You puncture Grinder!
Grinder is severely wounded.
Grinder says, "Don't move a muscle."
You block Grinder's attack.
You hit Grinder.
Grinder is almost dead.
Grinder barely misses you.
You closely miss Grinder.
Grinder is almost dead.
Grinder gestures at you.
You suddenly lose the ability to move!
Grinder gestures at you. Pain shoots through your body!
You die...

#######....#
#...#.........+.
.......#+#.# #.#.#.#..#....#
....................†.......
###.<#.#.#. ...#.#.#........
.....#.#...#.###.#.####.##.
.....#.# #.#.###.#.#.....+
.....#.# ..........##.##..
.....# ####.#####...#......
....@#.......#......
...5.............###
##....#..........#
.(...............#
(#......#........####
#...........#.......
#....#####... .........+...
#.#...####...


You could see Grinder.

Vanquished Creatures
  3 adders
  2 dart slugs
  An orc (D:3)
  3 ball pythons
  11 endoplasms
  A giant cockroach (D:1)
  5 goblins
  4 hobgoblins
  A quokka (D:2)
  5 bats
  2 frilled lizards
  A kobold (D:1)
  4 rats
43 creatures vanquished.

Notes
Turn   | Place    | Note
-------+----------+-------------------------------------------
     0 | D:1      | buddhastalin the Kobold Fighter began the quest for the
                  | Orb.
     0 | D:1      | Reached XP level 1. HP: 14/14 MP: 1/1
    71 | D:1      | Reached skill level 3 in Short Blades
   192 | D:1      | Reached XP level 2. HP: 6/19 MP: 2/2
   478 | D:1      | Found a faded altar of an unknown god.
   478 | D:1      | Noticed an eye of devastation
   478 | D:1      | Noticed a floating eye
   799 | D:1      | Reached XP level 3. HP: 23/23 MP: 3/3
   928 | D:1      | Noticed a floating eye
   939 | D:1      | Noticed a golden eye
  1360 | D:2      | Reached XP level 4. HP: 26/29 MP: 4/4
  1408 | D:2      | Reached skill level 4 in Short Blades
  1443 | D:2      | Reached skill level 1 in Dodging
  2082 | D:3      | Noticed Grinder
  2100 | D:3      | Paralysed by Grinder for 7 turns
  2101 | D:3      | Killed from afar by Grinder

Illustrated notes

Levels and vault maps discovered:
D:1:      roderic_chinese_lattice_arrival, layout_rooms,
          hellmonk_ecumenical_altar_watching_god, minmay_misc_feat_four_crosses,
          dk_noncrumbling_2
D:2:      layout_basic, minmay_fountain_box
D:3:      layout_basic, moated_statue, uniq_grinder

Skill      XL: |  1  2  3  4 |
---------------+-------------+-----
Short Blades   | 3 4 |  4.4
Dodging        | 1 |  1.0
Fighting       | |  3.9
Armour         | |  2.4
Stealth        | |  0.3
Shields        | |  2.9

Action                   |  1- 3 |  4- 6 || total
-------------------------+-------+-------++-------
Melee: Dagger            |    83 |    69 ||   152
       Rapier            |    13 |       ||    13
Throw: Dart              |       |     2 ||     2
  Use: Potion            |       |     2 ||     2
 Stab: Sleeping          |     1 |     1 ||     2
Armor: Scale mail        |    33 |    17 ||    50
Dodge: Dodged            |    47 |    25 ||    72
Block: Buckler           |    21 |     9 ||    30

Table legend: (Time is in decaauts)
 A = Elapsed time spent in this place.
 B = Non-inter-level travel time spent in this place.
 C = Inter-level travel time spent in this place.
 D = Time resting spent in this place.
 E = Time spent auto-exploring this place.
 F = Levels seen in this place.
 G = Mean time per level.
                   A        B        C        D        E       F      G
               +--------+--------+--------+--------+--------+-----+--------+
         Total |   2083 |   2048 |     35 |    389 |   1313 |   3 |  694.3 |
       Dungeon |   2083 |   2048 |     35 |    389 |   1313 |   3 |  694.3 |
               +--------+--------+--------+--------+--------+-----+--------+

Top non-repeatable levels by time:
     D:1: 1127 daAuts
     D:2: 557 daAuts
     D:3: 399 daAuts
